 Dungeon Crawl Stone Soup version 0.30-a0-782-ge64f9170bb (webtiles) character file.

Game seed: 6180239892025475896

59 Darkkill the Shooter (level 3, 0/31 HPs)
             Began as a Minotaur Hunter on Feb 18, 2023.
             Slain by an orc wizard
             ... wielding a +0 dagger
              (3 damage)
             ... on level 3 of the Dungeon.
             The game lasted 00:04:39 (2006 turns).

Darkkill the Shooter (Minotaur Hunter)              Turns: 2006, Time: 00:04:39

Health: 0/31       AC:  3    Str: 15    XL:     3   Next: 78%
Magic:  2/2        EV: 12    Int:  6    God:
Gold:   45         SH:  0    Dex: 15    Spells: 2/2 levels left

rFire   . . .      SeeInvis .    a - +1 shortbow
rCold   . . .      Faith    .    (shield currently unavailable)
rNeg    . . .      Spirit   .    c - +0 leather armour
rPois   .          Reflect  .    (helmet restricted)
rElec   .          Harm     .    (no cloak)
rCorr   .          Rampage  .    (no gloves)
Will    .....                    (no boots)
Stlth   ++                       (no amulet)
HPRegen 0.25/turn                (no ring)
MPRegen 0.08/turn                (no ring)

@: lethally poisoned (0 -> -2), about to teleport
A: horns 2, retaliatory headbutt
a: no special abilities


You were on level 3 of the Dungeon.
You visited 1 branch of the dungeon, and saw 3 of its levels.

You collected 45 gold pieces.

Inventory:

Hand Weapons
 a - a +1 shortbow (weapon)
Missiles
 d - 24 stones
 m - 4 curare-tipped darts {=f !f}
 p - 5 poisoned darts
Armour
 c - a +0 leather armour (worn)
Jewellery
 g - an amulet of faith
 r - a +6 ring of dexterity
Scrolls
 b - 2 scrolls of immolation
 e - a scroll of torment
 i - a scroll of teleportation
 q - 3 scrolls of vulnerability
 s - 2 scrolls of identify {unknown}
 t - a scroll of magic mapping {unknown}
Potions
 f - 2 potions of ambrosia {unknown}
 h - a potion of resistance {unknown}
 j - a potion of curing {unknown}
 k - a potion of mutation {unknown}
 l - a potion of flight {unknown}
 n - a potion of berserk rage {unknown}
 o - a potion of lignification {unknown}


   Skills:
 + Level 3.2 Fighting
 + Level 4.8 Ranged Weapons
 + Level 3.0 Dodging
 + Level 1.7 Stealth


You had 2 spell levels left.
You didn't know any spells.
Your spell library contained the following spells:

 Spells                   Type           Power      Damage    Failure   Level
 Foxfire                  Conj/Fire      0%         2x1d4     52%         1
 Fireball                 Conj/Fire      0%         3d3       100%        5
 Starburst                Conj/Fire      0%         6d3       100%        6


Dungeon Overview and Level Annotations

Branches:
Dungeon (3/15)

Altars:


Innate Abilities, Weirdness & Mutations

You have a pair of horns on your head.
You reflexively headbutt those who attack you in melee.


Message History

A bat is nearby!
You shoot an arrow. The arrow barely misses the bat.
The bat misses you. You furiously retaliate!
You headbutt the bat.
You kill the bat!
A hobgoblin comes into view.
You shoot an arrow.
The arrow hits the hobgoblin but does no damage.
A hobgoblin is nearby!
You shoot an arrow. The arrow barely misses the hobgoblin.
A hobgoblin is nearby!
You shoot an arrow. The arrow hits the hobgoblin.
You kill the hobgoblin!
t - a scroll labelled SEUKEGH IPSA No target in view!
A kobold comes into view. It is wielding a +0 short sword.
The kobold shouts!
You shoot an arrow. The arrow closely misses the kobold.
A rat comes into view.
There are monsters nearby!
You shoot an arrow. The arrow hits the kobold.
The kobold is severely wounded.
There are monsters nearby!
There are monsters nearby!
You shoot an arrow. The arrow hits the kobold.
You kill the kobold!
A rat is nearby!
You shoot an arrow. The arrow closely misses the rat.
A rat is nearby!
You shoot an arrow. The arrow closely misses the rat.
You shoot an arrow. The arrow hits the rat!
You kill the rat!
Found a stone staircase leading up.
No target in view!
An orc wizard comes into view.
It is wielding a +0 dagger and wearing a +2 robe of the Archmagi.
Found a club.
The orc wizard moves out of view.
No target in view!
An orc wizard is nearby!
You shoot an arrow.
The arrow closely misses the orc wizard.
The orc wizard shouts!
You hear a shout! x2
An orc wizard is nearby!
You shoot an arrow. The arrow barely misses the orc wizard.
An orc comes into view. It is wielding a +0 flail.
The orc wizard casts a spell at you. The magic dart hits you.
There are monsters nearby!
You shoot an arrow. The arrow hits the orc.
The orc is heavily wounded.
An orc comes into view. It is wielding a +2 dagger of venom.
There are monsters nearby!
You shoot an arrow. The arrow hits the orc.
The orc is almost dead.
There are monsters nearby!
You shoot an arrow. The arrow barely misses the orc.
The orc hits you with a +0 flail!
The orc wizard hits you with a +0 dagger.
The orc hits you but does no damage.
There are monsters nearby!
You are too injured to fight recklessly!
There are monsters nearby!
You are too injured to fight recklessly!
There are monsters nearby!
You are too injured to fight recklessly!
There are monsters nearby!
You are too injured to fight recklessly!
You shoot an arrow. The arrow hits the orc!
You kill the orc!
The orc wizard points at you and mumbles some strange words.
The puff of flame misses you.
Your Dodging skill increases to level 3!
You shoot an arrow. The arrow barely misses the orc.
An orc comes into view. It is wielding a +0 whip.
The orc hits you with a +2 dagger of venom.
You are poisoned.
The orc wizard barely misses you.
You shoot an arrow. The arrow hits the orc!
You kill the orc!
You feel very sick.
The orc wizard casts a spell.
The orc wizard flickers and vanishes!
Deactivating autopickup; reactivate with Ctrl-A.
You hear some strange, mumbled words.
A magic dart appears from out of thin air!
The magic dart hits you!
* * * LOW HITPOINT WARNING * * *
You shoot an arrow. The arrow closely misses the orc.
You feel sick. The orc barely misses you. You furiously retaliate!
You headbutt the orc, but do no damage. Something hits you.
* * * LOW HITPOINT WARNING * * *
You shoot an arrow. The arrow closely misses the orc.
* * * LOW HITPOINT WARNING * * *
You feel sick. Something hits you but does no damage.
The orc barely misses you. You furiously retaliate!
You headbutt the orc!
You kill the orc!
Unknown command.
As you read the scroll of teleportation, it crumbles to dust.
You feel strangely unstable.
* * * LOW HITPOINT WARNING * * *
You feel sick. Something hits you.
You die...

#.......#.#
#...)...#.. #.
#..........###.
##...<..#.......
..........#.....
..†........>###)
..........### #.###
...)........# #{).#
.........##.####@.#
.........##.##...<#
#<.............#..#
#######.###.##....#
#.# #....#### #.#
#.......# #.#
#.....### ###
##....# #......


There were no monsters in sight!

Vanquished Creatures
  2 worms (D:2)
  8 orcs (D:3)
  5 endoplasms
  3 giant cockroaches (D:1)
  A goblin (D:2)
  A hobgoblin (D:3)
  2 jackals (D:2)
  2 quokkas
  7 ball pythons
  2 bats
  A frilled lizard (D:2)
  5 kobolds
  5 rats
44 creatures vanquished.

Vanquished Creatures (others)
  26 fungi (D:1)
26 creatures vanquished.

Grand Total: 70 creatures vanquished

Notes
Turn   | Place    | Note
-------+----------+-------------------------------------------
     0 | D:1      | Darkkill the Minotaur Hunter began the quest for the Orb.
     0 | D:1      | Reached XP level 1. HP: 18/18 MP: 0/0
   317 | D:1      | Reached skill level 1 in Stealth
   341 | D:1      | Found a faded altar of an unknown god.
   453 | D:1      | Reached XP level 2. HP: 25/25 MP: 1/1
  1584 | D:2      | Reached XP level 3. HP: 31/31 MP: 2/2
  2004 | D:3      | HP: 6/31 [poisoned by an orc]
  2006 | D:3      | Slain by an orc wizard

Illustrated notes

Levels and vault maps discovered:
D:1:      scummos_arrival_checkerplants, layout_basic,
          hellmonk_ecumenical_altar_slurped_away
D:2:      layout_loops_corners
D:3:      layout_rooms, serial_curves, eino_curves_04, eino_curves_01,
          eino_curves_04, eino_curves_03, nicolae_figureground_sparkle

Skill      XL: |  1  2  3 |
---------------+----------+-----
Stealth        | 1 |  1.7
Fighting       | 3 |  3.2
Dodging        | 3 |  3.0
Ranged Weapons | |  4.8

Action                     || total
---------------------------++-------
   Fire: Shortbow          ||   127
    Use: Scroll            ||     6
 Armour: Leather armour    ||     7
  Dodge: Dodged            ||    21

Table legend: (Time is in decaauts)
 A = Elapsed time spent in this place.
 B = Non-inter-level travel time spent in this place.
 C = Inter-level travel time spent in this place.
 D = Time resting spent in this place.
 E = Time spent auto-exploring this place.
 F = Levels seen in this place.
 G = Mean time per level.
                   A        B        C        D        E       F      G
               +--------+--------+--------+--------+--------+-----+--------+
         Total |   2044 |   1889 |    155 |     43 |   1535 |   3 |  681.3 |
       Dungeon |   2044 |   1889 |    155 |     43 |   1535 |   3 |  681.3 |
               +--------+--------+--------+--------+--------+-----+--------+

Top non-repeatable levels by time:
     D:2: 963 daAuts
     D:1: 946 daAuts
     D:3: 135 daAuts

Table legend:
 A = Kills in this place as a percentage of kills in entire the game.
 B = Kills by you in this place as a percentage of kills by you in the entire game.
 C = Kills by friends in this place as a percentage of kills by friends in the entire game.
 D = Other kills in this place as a percentage of other kills in the entire game.
 E = Experience gained in this place as a percentage of experience gained in the entire game.
 F = Experience gained in this place divided by the number of levels of this place that you have seen.
                   A       B       C       D       E      F
               +-------+-------+-------+-------+-------+----------------------
         Total | 100.0 | 100.0 |   N/A |   N/A | 100.0 |  28.3
       Dungeon | 100.0 | 100.0 |   N/A |   N/A | 100.0 |  28.3
               +-------+-------+-------+-------+-------+----------------------
